 Dungeon Crawl Stone Soup version 0.29.0-4-gdea44cf6ec (webtiles) character file.

Game seed: 3656399028831379351

7 qw the Caller (level 2, 0/22 HPs)
             Began as a Ghoul Summoner on Sept 10, 2022.
             Slain by a kobold
             ... wielding a +0 club
              (3 damage)
             ... on level 1 of the Dungeon.
             The game lasted 00:00:09 (358 turns).

qw the Caller (Ghoul Summoner)                       Turns: 358, Time: 00:00:09

Health: 0/22       AC:  2    Str: 11    XL:     2   Next: 4%
Magic:  0/3        EV: 12    Int: 10    God:
Gold:   50         SH:  0    Dex:  9    Spells: 3/4 levels left

rFire   . . .      SeeInvis .   (no weapon)
rCold   + . .      Faith    .   (no shield)
rNeg    + + +      Spirit   .   a - +0 robe
rPois   inf        Reflect  .   (no helmet)
rElec   .          Harm     .   (no cloak)
rCorr   .          Rampage  .   (no gloves)
Will    .....                   (no boots)
Stlth   ++........              (no amulet)
HPRegen 0.00/turn               (no ring)
MPRegen 0.08/turn               (no ring)

@: inhibited regen
A: claws 1, cold resistance 1, negative energy resistance 3, inhibited
regeneration, torment resistance 2, devour on kill
a: no special abilities


You were on level 1 of the Dungeon.
You visited 1 branch of the dungeon, and saw 1 of its levels.

You collected 50 gold pieces.


Innate Abilities, Weirdness & Mutations

You are immune to poison.
You have sharp fingernails.
Your flesh is cold resistant. (rC+)
You are immune to negative energy. (rN+++)
You do not regenerate when monsters are visible.
You are immune to unholy pain and torment.
You thrive by killing the living.


   Skills:
 + Level 0.9 Fighting
 - Level 1.0 Axes
 - Level 1.7 Dodging
 - Level 2.1 Stealth
 - Level 1.7 Spellcasting
 - Level 3.6 Summonings


You had 3 spell levels left.
You knew the following spells:

 Your Spells              Type           Power      Damage    Failure   Level
a - Summon Small Mammal   Summ           32%        N/A       8%          1

Your spell library contained the following spells:

 Spells                   Type           Power      Damage    Failure   Level
 Call Imp                 Summ           8%         N/A       11%         2
 Call Canine Familiar     Summ           8%         N/A       22%         3
 Summon Guardian Golem    Hex/Summ       4%         N/A       43%         3
 Summon Lightning Spire   Summ/Air       4%         N/A       83%         4

Inventory:

Armour
 a - a +0 robe (worn)
 c - a +0 chain mail
Potions
 b - a potion of magic

Dungeon Overview and Level Annotations

Branches:
Dungeon (1/15)

Altars:


Message History

You barely miss the jackal. The jackal misses your bat.
Your bat closely misses the jackal.
You scratch the jackal.
The jackal is almost dead.
Your bat barely misses the jackal.
The jackal bites you. The jackal completely misses you.
You scratch the jackal.
You kill the jackal!
You feel better.
Your bat hits the jackal but does no damage.
The jackal bites you.
Your bat completely misses the jackal.
You have reached level 2!
You barely miss the jackal.
Your bat closely misses the jackal.
The jackal closely misses you. x2
Your bat barely misses the jackal.
The jackal bites you but does no damage.
The jackal misses you. The kobold hits you with a +0 club.
You closely miss the jackal. Your bat hits the endoplasm.
The jackal barely misses you. The jackal bites you.
The kobold hits you with a +0 club.
You closely miss the jackal. The jackal closely misses you.
The jackal barely misses you. The kobold misses you.
Your bat barely misses the jackal.
The jackal misses you. The jackal bites you.
You closely miss the jackal.
Your bat hits the jackal but does no damage.
Your bat hits the endoplasm but does no damage.
The jackal misses you. The jackal barely misses you.
Your bat barely misses the jackal.
The kobold hits you with a +0 club.
You scratch the jackal.
The jackal is moderately wounded.
Your bat closely misses the jackal.
The jackal bites you. x2
The kobold barely misses you.
358 ||| CASTING Summon Small Mammal
Casting: Summon Small Mammal (safe; 8% risk of failure)
Confirm with . or Enter, or press ? or * to list all spells.
Your bat disappears in a puff of smoke!
The jackal bites you. The jackal barely misses you.
The jackal closely misses you. x2; The kobold hits you with a +0 club.
You die...

#...... # #...... .#
#..... ########.#
#..... ###.........
#..... #...###...
#..... ###.#...#.#####
#...¤h###...#.....#....
#...Jh@r..........%....
#...rK###.###...###....
....... #.# #...# #####
....... #.# #####
##.#... #.# .. #... #.#
# .... #.# ##... #..
###


You could see an endoplasm (ally target), 2 jackals, a kobold and 2 friendly
rats.

Vanquished Creatures
  2 endoplasms (D:1)
  A jackal (D:1)
  A rat (D:1)
4 creatures vanquished.

Vanquished Creatures (collateral kills)
  A quokka (D:1)
  2 frilled lizards (D:1)
3 creatures vanquished.

Grand Total: 7 creatures vanquished

Notes
Turn   | Place    | Note
-------+----------+-------------------------------------------
     0 | D:1      | qw the Ghoul Summoner began the quest for the Orb.
     0 | D:1      | Reached XP level 1. HP: 14/14 MP: 2/2
     0 | D:1      | 0 ||| qw: Version: 0.1-a-116-g5d60599
     0 | D:1      | 0 ||| qw: Game counter: 7551
     0 | D:1      | 0 ||| qw: Always use a shield: true
     0 | D:1      | 0 ||| qw: God list: Okawaru
     0 | D:1      | 0 ||| qw: Allow faded altars: false
     0 | D:1      | 0 ||| qw: Do Orc after D:15 true
     0 | D:1      | 0 ||| qw: Do second Lair branch before Depths: true
     0 | D:1      | 0 ||| qw: Lair rune preference: random
     0 | D:1      | 0 ||| qw: Plans: Normal
     0 | D:1      | 0 ||| PLANNING D:1-11
    47 | D:1      | 47 ||| CASTING Summon Small Mammal
    48 | D:1      | 48 ||| CASTING Summon Small Mammal
    81 | D:1      | 81 ||| CASTING Summon Small Mammal
    82 | D:1      | 82 ||| CASTING Summon Small Mammal
   177 | D:1      | 177 ||| CASTING Summon Small Mammal
   178 | D:1      | 178 ||| CASTING Summon Small Mammal
   228 | D:1      | 228 ||| CASTING Summon Small Mammal
   229 | D:1      | 229 ||| CASTING Summon Small Mammal
   267 | D:1      | 267 ||| CASTING Summon Small Mammal
   268 | D:1      | 268 ||| CASTING Summon Small Mammal
   274 | D:1      | Reached skill level 1 in Axes
   280 | D:1      | 280 ||| CASTING Summon Small Mammal
   346 | D:1      | 346 ||| CASTING Summon Small Mammal
   347 | D:1      | 347 ||| CASTING Summon Small Mammal
   353 | D:1      | Reached XP level 2. HP: 19/22 MP: 0/3
   357 | D:1      | HP: 4/22 [jackal (2)]
   358 | D:1      | 358 ||| CASTING Summon Small Mammal
   358 | D:1      | Slain by a kobold

Levels and vault maps discovered:
D:1:      saegor_arrival_fortress, layout_basic,
          shapermc_ecumenical_altar_rom_forum, minmay_domino_4

Skill      XL: |  1 |
---------------+----+-----
Axes           | 1 |  1.0
Fighting       | |  0.9
Dodging        | |  1.7
Stealth        | |  2.1
Spellcasting   | |  1.7
Summonings     | |  3.6

Action                   || total
-------------------------++-------
Melee: Unarmed           ||    18
 Cast: Summon Small Mamm ||    14
Armor: Robe              ||     2
Dodge: Dodged            ||    18

Table legend:
 A = Non-vault XP
 B = Vault XP
 C = Vault XP percentage of total XP
 D = Non-vault monster count
 E = Vault monster count
 F = Vault count percentage of total count
                 A         B        C        D         E       F
            +---------+---------+-------+---------+---------+-------
      Total |       9 |       2 |  18.2 |       6 |       1 |  14.3
            +---------+---------+-------+---------+---------+-------
        D:1 |       9 |       2 |  18.2 |       6 |       1 |  14.3
            +---------+---------+-------+---------+---------+-------
